 Dungeon Crawl Stone Soup version 0.25.1-8-g42b30a86e7 (webtiles) character file.

Game seed: 7054877778556766947

432 hawla the Grasshopper (level 6, 0/45 HPs)
             Began as a Draconian Conjurer on Nov 30, 2020.
             Slain by a slave (1 damage)
             ... led by Pikel
             ... on level 4 of the Dungeon.
             The game lasted 00:12:15 (4956 turns).

hawla the Grasshopper (Draconian Conjurer)          Turns: 4956, Time: 00:12:16

Health: 0/45       AC:  7    Str: 10    XL:     6   Next: 67%
Magic:  1/12       EV: 12    Int: 17    God:
Gold:   118        SH:  0    Dex: 12    Spells: 6/13 levels left

rFire    . . .     SeeInvis .   i - +1 whip
rCold    . . .     Gourm    .   (no shield)
rNeg     . . .     Faith    .   (armour unavailable)
rPois    .         Spirit   .   (helmet restricted)
rElec    .         Reflect  .   (no cloak)
rCorr    .         Harm     .   (no gloves)
MR       .....                  h - +0 pair of boots
Stlth    ++........             (no amulet)
HPRegen  0.15/turn              (no ring)
MPRegen  0.13/turn              (no ring)

@: no status effects
A: unfitting armour, cold-blooded, AC +6
a: no special abilities


You were on level 4 of the Dungeon.
You were hungry.

You visited 1 branch of the dungeon, and saw 4 of its levels.

You collected 118 gold pieces.

Inventory:

Hand Weapons
 i - a +1 whip (weapon)
Missiles
 j - 22 poisoned darts (quivered)
Armour
 h - a +0 pair of boots (worn)
Scrolls
 c - 2 scrolls of identify
 e - 4 scrolls of magic mapping
Comestibles
 a - 4 chunks of flesh
 b - 6 rations


   Skills:
 - Level 1.7 Dodging
 - Level 1.7 Stealth
 - Level 4.0 Spellcasting
 - Level 4.3 Conjurations
 + Level 5.2 Translocations


You had 6 spell levels left.
You knew the following spells:

 Your Spells              Type           Power        Failure   Level  Hunger
a - Magic Dart            Conj           ###.         2%          1    None
b - Searing Ray           Conj           ###...       4%          2    ##.....
c - Iskenderun's Mystic   Conj/Tloc      ###.....     22%         4    ####...

Your spell library contained the following spells:

 Spells                   Type           Power        Failure   Level  Hunger
 Dazzling Flash           Conj/Hex       ##....       19%         3    ###....
 Fulminant Prism          Conj/Hex       ##........   54%         4    ####...


Dungeon Overview and Level Annotations

Branches:
Dungeon (4/15)
 Temple: D:4-7

Altars:

Annotations:
D:4 Pikel


Innate Abilities, Weirdness & Mutations

Your plain brown scales are hard. (AC +6)
You cannot fit into any form of body armour.
You are cold-blooded and may be slowed by cold attacks.


Message History

Pikel is moderately wounded.
You feel yourself speed up.
Pikel hits you with a +0 whip of freezing.
* * * LOW HITPOINT WARNING * * *
Pikel freezes you.
* * * LOW HITPOINT WARNING * * *
The slave hits you!
* * * LOW HITPOINT WARNING * * *
Pikel hits you with a +0 whip of freezing.
* * * LOW HITPOINT WARNING * * *
Pikel freezes you.
* * * LOW HITPOINT WARNING * * *
The slave hits you.
* * * LOW HITPOINT WARNING * * *
Unknown command.
You aren't carrying any potions.
As you read the scroll of enchant weapon, it crumbles to dust.
Your +0 whip glows red for a moment.
Pikel barely misses you. The slave hits you.
You die...

........# #####.#.#
#.#.# #.#.# ## #.#.# ..
#####.#.#.###
.............
#####..#################
.............ppK@p§....#
#####..##############.##
#..# #.# #..# #.# #..#
#.# #..# #.# #..# #.#
#..# #.# ###..# #.#


You could see Pikel and 2 slaves.

Vanquished Creatures
  Sigmund (D:3)
  An orc priest (D:3)
  2 orc wizards (D:2)
  5 adders
  5 gnolls
  2 oozes
  An adder zombie (D:1)
  A worm (D:2)
  4 dart slugs
  5 orcs (D:2)
  2 ball pythons
  A giant cockroach (D:2)
  2 hobgoblins
  10 jackals (D:2)
  3 kobolds (D:2)
  A quokka (D:2)
  8 bats
  5 frilled lizards
  A giant cockroach zombie (D:1)
  6 goblins
  14 rats
80 creatures vanquished.

Notes
Turn   | Place    | Note
-------+----------+-------------------------------------------
     0 | D:1      | hawla the Draconian Conjurer began the quest for the Orb.
     0 | D:1      | Reached XP level 1. HP: 14/14 MP: 3/3
     0 | D:1      | Upgraded the game from 0.25.1-2-g60ff931df9 to
                  | 0.25.1-8-g42b30a86e7
   187 | D:1      | Reached XP level 2. HP: 11/20 MP: 1/5
   713 | D:1      | Reached XP level 3. HP: 26/26 MP: 4/7
   717 | D:1      | Learned a level 2 spell: Searing Ray
  1756 | D:2      | Reached XP level 4. HP: 33/33 MP: 0/9
  2856 | D:2      | Learned a level 4 spell: Iskenderun's Mystic Blast
  3031 | D:2      | Reached skill level 1 in Translocations
  3242 | D:2      | Reached skill level 2 in Translocations
  3242 | D:2      | Reached XP level 5. HP: 9/38 MP: 8/11
  3630 | D:3      | Noticed Sigmund
  4043 | D:3      | Killed Sigmund
  4043 | D:3      | Reached skill level 4 in Translocations
  4043 | D:3      | Reached XP level 6. HP: 40/45 MP: 3/12
  4542 | D:3      | Reached skill level 5 in Translocations
  4859 | D:3      | You fall into a shaft and drop 1 floor!
  4861 | D:4      | Noticed a slave
  4937 | D:4      | Noticed Pikel
  4938 | D:4      | Noticed a slave
  4939 | D:4      | Noticed a slave
  4955 | D:4      | HP: 2/45 [Pikel/+0 whip of freezing (1)]
  4956 | D:4      | Slain by a slave

Illustrated notes

Levels and vault maps discovered:
D:1:      saegor_arrival_fortress, layout_loops_ring, minmay_tiny_reverse_x
D:2:      layout_basic
D:3:      layout_basic, uniq_sigmund
D:4:      layout_basic, minmay_temple_entry_hall, first_ration, uniq_pikel

Skill      XL: |  1  2  3  4  5  6 |
---------------+-------------------+-----
Spellcasting   | 3 4 |  4.0
Translocations | 2 4 5 |  5.2
Dodging        | |  1.7
Stealth        | |  1.7
Conjurations   | |  4.3

Action                   |  1- 3 |  4- 6 || total
-------------------------+-------+-------++-------
Melee: Unarmed           |    10 |       ||    10
       Whip              |       |    30 ||    30
       Tailslap          |       |     1 ||     1
 Cast: Magic Dart        |    44 |    44 ||    88
       Searing Ray       |     9 |    41 ||    50
       Iskenderun's Myst |       |     2 ||     2
  Use: Potion            |     1 |     6 ||     7
       Scroll            |     2 |     3 ||     5
  Eat: Chunk             |     3 |    11 ||    14
Armor: Skin              |    12 |    98 ||   110
Dodge: Dodged            |    12 |    75 ||    87
